| TOP OF THE 1ST |
|
Kansas City Royals batting - Pitching for Boston Red Sox : LHP Gary Perritt
|
|
Pitching: LHP Gary Perritt
|
|
|
Batting: RHB Rickey Henderson
|
0-0: Ball 1-0: Swinging Strike 1-1: Swinging Strike 1-2: Foul Ball, location: 2F 1-2: SINGLE (Groundball, 34D, EV 95.0 MPH)
|
|
Batting: LHB Gene Richards
|
0-0: Ball 1-0: Swinging Strike 1-1: Swinging Strike 1-2: Hit by Pitch Rickey Henderson to second
|
|
Batting: RHB Jeffrey Leonard
|
0-0: Ball 1-0: Foul Ball, location: 2F 1-1: Swinging Strike 1-2: Foul Ball, location: 2F 1-2: Ball 2-2: 3-RUN HOME RUN (Line Drive, 89XD, EV 103.1 MPH), Distance : 463 ft
|
|
Batting: RHB Charlie O'Brien
|
0-0: Ball 1-0: Called Strike 1-1: Foul Ball, location: 2F 1-2: Ball 2-2: Ball 3-2: Strikes out swinging
|
|
Batting: RHB Gary Carter
|
0-0: Ground out 4-3 (Groundball, 34, EV 77.5 MPH)
|
|
Batting: RHB Adrian Monrreal
|
0-0: Called Strike 0-1: Foul Ball, location: 2F 0-2: Ball 1-2: Ball 2-2: Ground out 5-3 (Groundball, 5, EV 87.5 MPH)
|
| Top of the 1st over - 3 runs, 2 hits, 0 errors, 0 left on base; Kansas City 3 - Boston 0 |
| BOTTOM OF THE 1ST |
|
Boston Red Sox batting - Pitching for Kansas City Royals : RHP Larry Christenson
|
|
Pitching: RHP Larry Christenson
|
|
|
Batting: LHB Claudell Washington
|
0-0: Foul Ball, location: 2F 0-1: Fly out, F7 (Flyball, 7D, EV 96.9 MPH)
|
|
Batting: LHB Willie Aikens
|
0-0: Called Strike 0-1: Ball 1-1: Ball 2-1: Foul Ball, location: 2F 2-2: Ball 3-2: Foul Ball, location: 2F 3-2: Ground out 4-3 (Groundball, 4, EV 88.1 MPH)
|
|
Batting: LHB George Brett
|
0-0: Ball 1-0: Called Strike 1-1: Ball 2-1: Swinging Strike 2-2: Foul Ball, location: 2F 2-2: Ball 3-2: Ground out U3 (Groundball, 3, EV 84.4 MPH)
|
| Bottom of the 1st over - 0 runs, 0 hits, 0 errors, 0 left on base; Kansas City 3 - Boston 0 |
| TOP OF THE 2ND |
|
Kansas City Royals batting - Pitching for Boston Red Sox : LHP Gary Perritt
|
|
Batting: RHB Bob Horner
|
0-0: Ball 1-0: Called Strike 1-1: Foul Ball, location: 2F 1-2: Foul Ball, location: 2F 1-2: Ball 2-2: Ground out U3 (Groundball, 3, EV 81.9 MPH)
|
|
Batting: LHB Alvin Davis
|
0-0: Swinging Strike 0-1: Ball 1-1: Ball 2-1: Called Strike 2-2: Ball 3-2: Base on Balls
|
|
Batting: LHB Rick Manning
|
0-0: Ball 1-0: Foul Ball, location: 2F 1-1: Swinging Strike 1-2: Strikes out swinging
|
|
Batting: RHB Rickey Henderson
|
0-0: Called Strike 0-1: Ball 1-1: Foul Ball, location: 2F 1-2: Ball 2-2: DOUBLE (Line Drive, 8RXD, EV 98.8 MPH) Alvin Davis to third Runner from 3rd tries for Home, SAFE, throw by CF to home
|
|
Batting: LHB Gene Richards
|
0-0: Swinging Strike 0-1: Ball 1-1: Foul Ball, location: 2F 1-2: Ground out 6-3 (Groundball, 6M, EV 105.6 MPH)
|
| Top of the 2nd over - 1 run, 1 hit, 0 errors, 1 left on base; Kansas City 4 - Boston 0 |
| BOTTOM OF THE 2ND |
|
Boston Red Sox batting - Pitching for Kansas City Royals : RHP Larry Christenson
|
|
Batting: RHB Richie Zisk
|
0-0: Ball 1-0: Ball 2-0: Ball 3-0: Called Strike 3-1: Called Strike 3-2: Fly out, F8 (Flyball, 8LD, EV 97.5 MPH)
|
|
Batting: SHB Scotti Madison
|
0-0: Foul Ball, location: 2F 0-1: Ball 1-1: Called Strike 1-2: Ball 2-2: Fly out, F6 (Popup, 6MS, EV 85.0 MPH)
|
|
Batting: LHB Daryl Sconiers
|
0-0: Called Strike 0-1: Swinging Strike 0-2: Foul Ball, location: 2F 0-2: Ground out U3 (Groundball, 3, EV 84.4 MPH)
|
| Bottom of the 2nd over - 0 runs, 0 hits, 0 errors, 0 left on base; Kansas City 4 - Boston 0 |
| TOP OF THE 3RD |
|
Kansas City Royals batting - Pitching for Boston Red Sox : LHP Gary Perritt
|
|
Batting: RHB Jeffrey Leonard
|
0-0: Called Strike 0-1: Ball 1-1: Foul Ball, location: 2F 1-2: Ground out 4-3 (Groundball, 4, EV 81.9 MPH)
|
|
Batting: RHB Charlie O'Brien
|
0-0: Ball 1-0: Ball 2-0: Ball 3-0: Called Strike 3-1: Foul Ball, location: 2F 3-2: Foul Ball, location: 2F 3-2: Foul Ball, location: 2F 3-2: Ground out 5-3 (Groundball, 56S, EV 77.5 MPH)
|
|
Batting: RHB Gary Carter
|
0-0: Ground out 1-3 (Groundball, 34S, EV 67.5 MPH)
|
| Top of the 3rd over - 0 runs, 0 hits, 0 errors, 0 left on base; Kansas City 4 - Boston 0 |
| BOTTOM OF THE 3RD |
|
Boston Red Sox batting - Pitching for Kansas City Royals : RHP Larry Christenson
|
|
Batting: RHB Kevin Klettke
|
0-0: Fly out, F8 (Flyball, 8LD, EV 95.6 MPH)
|
|
Batting: RHB Josh Grimes
|
0-0: SINGLE (Line Drive, 89M, EV 101.9 MPH)
|
|
Batting: SHB Nelson Norman
|
0-0: Ball 1-0: Ball 2-0: Ball 3-0: Called Strike 3-1: Called Strike 3-2: Foul Ball, location: 2F 3-2: Base on Balls Josh Grimes to second
|
|
Batting: LHB Claudell Washington
|
0-0: Ball 1-0: Ground out 5-3 (Groundball, 56S, EV 66.9 MPH) Josh Grimes to third Nelson Norman to second
|
|
Batting: LHB Willie Aikens
|
0-0: Called Strike 0-1: Ground out 4-3 (Groundball, 4S, EV 81.3 MPH)
|
| Bottom of the 3rd over - 0 runs, 1 hit, 0 errors, 2 left on base; Kansas City 4 - Boston 0 |
| TOP OF THE 4TH |
|
Kansas City Royals batting - Pitching for Boston Red Sox : LHP Gary Perritt
|
|
Batting: RHB Adrian Monrreal
|
0-0: Called Strike 0-1: Called Strike 0-2: DOUBLE (Line Drive, 7LS, EV 91.3 MPH)
|
|
Batting: RHB Bob Horner
|
0-0: Ball 1-0: Ball 2-0: Ball 3-0: Called Strike 3-1: Foul Ball, location: 2F 3-2: Strikes out swinging
|
|
Batting: LHB Alvin Davis
|
0-0: Ball 1-0: Ball 2-0: Foul Ball, location: 2F 2-1: Swinging Strike 2-2: Strikes out swinging
|
|
Batting: LHB Rick Manning
|
0-0: Swinging Strike 0-1: Swinging Strike 0-2: Strikes out looking
|
| Top of the 4th over - 0 runs, 1 hit, 0 errors, 1 left on base; Kansas City 4 - Boston 0 |
| BOTTOM OF THE 4TH |
|
Boston Red Sox batting - Pitching for Kansas City Royals : RHP Larry Christenson
|
|
Batting: LHB George Brett
|
0-0: Foul Ball, location: 2F 0-1: Ball 1-1: Foul Ball, location: 2F 1-2: Ball 2-2: Ground out U3 (Groundball, 3, EV 91.3 MPH)
|
|
Batting: RHB Richie Zisk
|
0-0: Foul Ball, location: 2F 0-1: Ball 1-1: Ball 2-1: Ground out 2-3 (Groundball, 15S, EV 66.9 MPH)
|
|
Batting: SHB Scotti Madison
|
0-0: Ball 1-0: Foul Ball, location: 2F 1-1: Ground out U3 (Groundball, 34, EV 80.0 MPH)
|
| Bottom of the 4th over - 0 runs, 0 hits, 0 errors, 0 left on base; Kansas City 4 - Boston 0 |
| TOP OF THE 5TH |
|
Kansas City Royals batting - Pitching for Boston Red Sox : LHP Gary Perritt
|
|
Batting: RHB Rickey Henderson
|
0-0: Foul Ball, location: 2F 0-1: Swinging Strike 0-2: Foul Ball, location: 2F 0-2: DOUBLE (Line Drive, 7LS, EV 95.0 MPH)
|
|
Batting: LHB Gene Richards
|
0-0: Called Strike 0-1: Ball 1-1: Called Strike 1-2: Strikes out looking
|
|
Batting: RHB Jeffrey Leonard
|
0-0: Ground out 4-3 (Groundball, 4, EV 86.3 MPH) Rickey Henderson to third
|
|
Batting: RHB Charlie O'Brien
|
0-0: Ball 1-0: Ground out 4-3 (Groundball, 4, EV 85.0 MPH)
|
| Top of the 5th over - 0 runs, 1 hit, 0 errors, 1 left on base; Kansas City 4 - Boston 0 |
| BOTTOM OF THE 5TH |
|
Boston Red Sox batting - Pitching for Kansas City Royals : RHP Larry Christenson
|
|
Batting: LHB Daryl Sconiers
|
0-0: Ball 1-0: Ball 2-0: Ball 3-0: Called Strike 3-1: Swinging Strike 3-2: DOUBLE (Flyball, 8LXD, EV 112.5 MPH)
|
|
Batting: RHB Kevin Klettke
|
0-0: Called Strike 0-1: Ground out 6-3 (Groundball, 6, EV 88.1 MPH)
|
|
Batting: RHB Josh Grimes
|
0-0: Called Strike 0-1: Called Strike 0-2: Ball 1-2: Foul Ball, location: 2F 1-2: Ball 2-2: DOUBLE (Line Drive, 89D, EV 100.6 MPH) Daryl Sconiers scores
|
|
Batting: SHB Nelson Norman
|
0-0: Called Strike 0-1: Called Strike 0-2: Ball 1-2: Ball 2-2: Ball 3-2: Ground out 3-1 (Groundball, 34, EV 93.1 MPH) Josh Grimes to third
|
|
Batting: LHB Claudell Washington
|
0-0: Called Strike 0-1: Ball 1-1: Ball 2-1: SINGLE (Groundball, 4MD, EV 96.9 MPH) Josh Grimes scores
|
|
Batting: LHB Willie Aikens
|
0-0: Called Strike 0-1: Ball 1-1: Ball Passed Ball! Claudell Washington to second 2-1: Swinging Strike 2-2: Strikes out swinging
|
| Bottom of the 5th over - 2 runs, 3 hits, 0 errors, 1 left on base; Kansas City 4 - Boston 2 |
| TOP OF THE 6TH |
|
Kansas City Royals batting - Pitching for Boston Red Sox : LHP Gary Perritt
|
|
Batting: RHB Gary Carter
|
0-0: Called Strike 0-1: Foul Ball, location: 2F 0-2: Ground out 6-3 (Groundball, 56D, EV 86.3 MPH)
|
|
Batting: RHB Adrian Monrreal
|
0-0: Called Strike 0-1: Foul Ball, location: 2F 0-2: Ball 1-2: Ball 2-2: Strikes out swinging
|
|
Batting: RHB Bob Horner
|
0-0: Swinging Strike 0-1: Fly out, F8 (Flyball, 8LXD, EV 95.0 MPH)
|
| Top of the 6th over - 0 runs, 0 hits, 0 errors, 0 left on base; Kansas City 4 - Boston 2 |
| BOTTOM OF THE 6TH |
|
Boston Red Sox batting - Pitching for Kansas City Royals : RHP Larry Christenson
|
|
Batting: LHB George Brett
|
0-0: Ball 1-0: Ball 2-0: Called Strike 2-1: Ground out 6-3 (Groundball, 6MD, EV 84.4 MPH)
|
|
Batting: RHB Richie Zisk
|
0-0: Ball 1-0: Swinging Strike 1-1: Ball 2-1: Foul Ball, location: 2F 2-2: Ball 3-2: Foul Ball, location: 2F 3-2: Base on Balls
|
|
Batting: SHB Scotti Madison
|
0-0: Ball Wild Pitch! Richie Zisk to second 1-0: Foul Ball, location: 2F 1-1: Foul Ball, location: 2F 1-2: Ball 2-2: Ball 3-2: Strikes out swinging
|
|
Batting: LHB Daryl Sconiers
|
0-0: Ball 1-0: Called Strike 1-1: SINGLE (Groundball, 34D, EV 82.5 MPH) (infield hit) Richie Zisk to third
|
|
Batting: RHB Kevin Klettke
|
0-0: Ball 1-0: Ball 2-0: Swinging Strike 2-1: Ball 3-1: Base on Balls Daryl Sconiers to second
|
|
Batting: RHB Josh Grimes
|
0-0: Called Strike 0-1: Ball 1-1: Called Strike 1-2: Ball Wild Pitch! Richie Zisk scores Daryl Sconiers to third Kevin Klettke to second 2-2: Ground out 6-3 (Groundball, 6, EV 82.5 MPH)
|
| Bottom of the 6th over - 1 run, 1 hit, 0 errors, 2 left on base; Kansas City 4 - Boston 3 |
| TOP OF THE 7TH |
|
Kansas City Royals batting - Pitching for Boston Red Sox : LHP Gary Perritt
|
|
Batting: LHB Alvin Davis
|
0-0: Foul Ball, location: 2F 0-1: Ball 1-1: Foul Ball, location: 2F 1-2: Strikes out looking
|
|
Batting: LHB Rick Manning
|
0-0: Ball 1-0: Fly out, F8 (Line Drive, 8RM, EV 95.0 MPH)
|
|
Batting: RHB Rickey Henderson
|
0-0: Ball 1-0: SINGLE (Groundball, 34D, EV 103.8 MPH)
|
|
Batting: LHB Gene Richards
|
0-0: Ball 1-0: Called Strike Rickey Henderson steals 2nd base 1-1: Fly out, F9 (Line Drive, 9, EV 98.1 MPH)
|
| Top of the 7th over - 0 runs, 1 hit, 0 errors, 1 left on base; Kansas City 4 - Boston 3 |
| BOTTOM OF THE 7TH |
|
Boston Red Sox batting - Pitching for Kansas City Royals : RHP Larry Christenson
|
|
Pitching: RHP Orel Hershiser
|
|
|
Batting: SHB Nelson Norman
|
0-0: Ball 1-0: Called Strike 1-1: Foul Ball, location: 2F 1-2: Foul Ball, location: 2F 1-2: SINGLE (Line Drive, 9S, EV 92.5 MPH)
|
|
Batting: LHB Claudell Washington
|
0-0: Ball 1-0: Fielders Choice at 2nd, 3-6 (Groundball, 3, EV 85.0 MPH)
|
|
Batting: LHB Willie Aikens
|
0-0: Ball Claudell Washington steals 2nd, throwing error, E2 Claudell Washington to third 1-0: Swinging Strike 1-1: Foul Ball, location: 2F 1-2: Strikes out swinging
|
|
Batting: LHB George Brett
|
0-0: Ball 1-0: Foul Ball, location: 2F 1-1: Foul Ball, location: 2F 1-2: Reached on error, E5 (Groundball, 56S, EV 84.4 MPH) Claudell Washington scores
|
|
Batting: RHB Richie Zisk
|
0-0: Ball 1-0: Fielders Choice at 2nd, 6-4 (Groundball, 6, EV 93.1 MPH)
|
| Bottom of the 7th over - 1 run, 1 hit, 2 errors, 1 left on base; Kansas City 4 - Boston 4 |
| TOP OF THE 8TH |
|
Kansas City Royals batting - Pitching for Boston Red Sox : LHP Gary Perritt
|
|
Batting: RHB Jeffrey Leonard
|
0-0: Ball 1-0: Ball 2-0: Swinging Strike 2-1: Swinging Strike 2-2: Strikes out looking
|
|
Batting: RHB Charlie O'Brien
|
0-0: Fly out, F8 (Flyball, 8RM, EV 81.9 MPH)
|
|
Batting: RHB Gary Carter
|
0-0: Foul Ball, location: 2F 0-1: Ball 1-1: SOLO HOME RUN (Flyball, 8RXD, EV 100.6 MPH), Distance : 455 ft
|
|
Pitching: LHP Kenneth Kollmyer
|
|
|
Batting: RHB Adrian Monrreal
|
0-0: Foul Ball, location: 2F 0-1: Foul Ball, location: 2F 0-2: Ball 1-2: Strikes out looking
|
| Top of the 8th over - 1 run, 1 hit, 0 errors, 0 left on base; Kansas City 5 - Boston 4 |
| BOTTOM OF THE 8TH |
|
Boston Red Sox batting - Pitching for Kansas City Royals : RHP Orel Hershiser
|
|
Batting: SHB Scotti Madison
|
0-0: Called Strike 0-1: Swinging Strike 0-2: Strikes out swinging
|
|
Batting: LHB Daryl Sconiers
|
0-0: Swinging Strike 0-1: Ball 1-1: SINGLE (Line Drive, 4MD, EV 95.6 MPH)
|
|
Pinch Hitting: SHB Dave Collins
|
0-0: Ball 1-0: Foul Ball, location: 2F 1-1: Ball 2-1: Fielders Choice at 2nd, 6-4 (Groundball, 6, EV 87.5 MPH)
|
|
Batting: RHB Josh Grimes
|
0-0: Reached on error, E6 (Groundball, 6, EV 88.8 MPH) Dave Collins to second
|
|
Pinch Hitting: RHB Jeff Burroughs
|
0-0: Ball Passed Ball! Dave Collins to third Josh Grimes to second 1-0: Called Strike 1-1: Foul Ball, location: 2F 1-2: Foul Ball, location: 2F 1-2: Foul Ball, location: 2F 1-2: SINGLE (Flyball, 8LS, EV 98.8 MPH) Dave Collins scores Josh Grimes to third Runner from 3rd tries for Home, SAFE, throw by CF to home
|
|
Pinch Runner at 1st Albert Hall:
|
|
|
Batting: LHB Claudell Washington
|
0-0: Foul Ball, location: 2F 0-1: Foul Ball, location: 2F 0-2: Ball 1-2: Ball Albert Hall steals 2nd base 2-2: Fly out, F9 (Flyball, 9D, EV 101.3 MPH)
|
| Bottom of the 8th over - 2 runs, 2 hits, 1 error, 1 left on base; Kansas City 5 - Boston 6 |
| TOP OF THE 9TH |
|
Kansas City Royals batting - Pitching for Boston Red Sox : LHP Kenneth Kollmyer
|
|
Now at 2B: Mark Grady
|
|
|
Now at SS: Albert Hall
|
|
|
Batting: RHB Bob Horner
|
0-0: Ball 1-0: Swinging Strike 1-1: Called Strike 1-2: Foul Ball, location: 2F 1-2: Fly out, F9 (Line Drive, 9, EV 94.4 MPH)
|
|
Batting: LHB Alvin Davis
|
0-0: Foul Ball, location: 2F 0-1: Swinging Strike 0-2: Ground out 4-3 (Groundball, 4M, EV 84.4 MPH)
|
|
Batting: LHB Rick Manning
|
0-0: Called Strike 0-1: Ball 1-1: Foul Ball, location: 2F 1-2: Strikes out swinging
|
| Top of the 9th over - 0 runs, 0 hits, 0 errors, 0 left on base; Kansas City 5 - Boston 6 |
|